 Dungeon Crawl Stone Soup version 0.23.0-3-gf3c87f2 (webtiles) character file.

Game seed: 3207618817822022406

154938 vishdafish the Gnoll Aeon (level 17, -3/133 HPs)
             Began as a Gnoll Skald on Feb 19, 2019.
             Was the Champion of Cheibriados.
             Incinerated by Asterion (12 damage)
             ... with a sticky flame
             ... on level 3 of the Spider Nest.
             The game lasted 01:35:26 (27460 turns).

vishdafish the Gnoll Aeon (Gnoll Skald)            Turns: 27460, Time: 01:35:28

Health: -3/133     AC: 21    Str: 29    XL:     17   Next: 64%
Magic:  5/33       EV: 40    Int: 39    God:    Cheibriados [******]
Gold:   3704       SH: 17    Dex: 30    Spells: 1/40 levels left

rFire    . . .     SeeInvis .   V - +4 long sword (elec)
rCold    . . .     Gourm    .   D - +2 shield {rN+}
rNeg     + . .     Faith    .   I - +3 troll leather armour {Snorg}
rPois    +         Spirit   .   L - +2 helmet
rElec    .         Reflect  .   y - +2 cloak
rCorr    .         Harm     .   (no gloves)
MR       +++..                  E - +2 pair of boots
Stlth    +++.......             R - amulet "Ganal" {Acrobat rPois MR+}
HPRegen  1.12/turn              i - ring of wizardry
MPRegen  0.23/turn              c - ring of Hotus {rPois MR+}

@: liquid flames, acrobat, glowing, very slow
A: distributed training, fangs 1, thin metallic scales 1, clever 1, regeneration
1, strong nose
a: Bend Time, Temporal Distortion, Slouch, Step From Time, Renounce Religion


You were on level 3 of the Spider Nest.
You worshipped Cheibriados.
Cheibriados was exalted by your worship.
You were not hungry.

You visited 5 branches of the dungeon, and saw 27 of its levels.
You also visited: Bailey and Volcano.

You collected 3819 gold pieces.
You spent 115 gold pieces at shops.

Inventory:

Hand Weapons
 V - a +4 long sword of electrocution (weapon)
Armour
 x - a scarf of cloud immunity
 y - a +2 cloak (worn)
 D - a +2 shield of positive energy (worn)
 E - a +2 pair of boots (worn)
 I - a +3 troll leather armour (worn) {Snorg}
 L - a +2 helmet (worn)
Magical Staves
 O - an uncursed staff of wizardry
Jewellery
 c - the ring of Hotus (right hand) {rPois MR+}
   (You bought it in a shop on level 11 of the Dungeon)

   [ring of poison resistance]

   It protects you from poison.
   It affects your resistance to hostile enchantments.
 i - a ring of wizardry (left hand)
 r - an uncursed amulet of rage {unknown}
 R - the amulet "Ganal" (around neck) {Acrobat rPois MR+}
   (You acquired it on level 11 of the Dungeon)

   [amulet of the acrobat]

   It helps you evade while moving and waiting.
   It protects you from poison.
   It affects your resistance to hostile enchantments.
 U - an uncursed ring of wizardry
 X - a +4 ring of evasion
Wands
 s - a wand of acid (1)
 A - a wand of digging (19)
 Q - a wand of enslavement (6)
 W - a wand of flame (20)
 Y - a wand of polymorph (10)
Scrolls
 e - 7 scrolls of teleportation
 f - 4 scrolls of immolation
 j - 11 scrolls of remove curse
 m - a scroll of noise {unknown}
 p - 6 scrolls of enchant armour
 w - 2 scrolls of fear
 z - 5 scrolls of amnesia
 B - 2 scrolls of torment {unknown}
 C - 6 scrolls of fog
 G - 2 scrolls of magic mapping
 H - 3 scrolls of enchant weapon
 M - 3 scrolls of blinking
 S - a scroll of brand weapon
Potions
 b - 5 potions of might
 g - 11 potions of heal wounds
 h - 5 potions of ambrosia
 k - 3 potions of flight
 l - 2 potions of berserk rage
 n - 2 potions of agility
 o - 2 potions of cancellation
 q - 9 potions of curing
 t - 6 potions of lignification
 u - 3 potions of degeneration {unknown}
 F - a potion of brilliance
 J - a potion of magic
 N - 2 potions of mutation
 P - 3 potions of resistance
Miscellaneous
 K - a phantom mirror
Comestibles
 d - 50 rations


   Skills:
 + Level 12.2 Fighting
 + Level 11.4 Short Blades
 + Level 12.2 Long Blades
 + Level 11.4 Axes
 + Level 11.4 Maces & Flails
 + Level 11.4 Polearms
 + Level 11.4 Staves
 + Level 11.4 Slings
 + Level 11.4 Bows
 + Level 11.4 Crossbows
 + Level 11.4 Throwing
 + Level 11.7 Armour
 + Level 12.2 Dodging
 + Level 11.4 Stealth
 + Level 11.4 Shields
 + Level 11.4 Unarmed Combat
 + Level 12.3 Spellcasting
 + Level 9.8 Conjurations
 + Level 9.8 Hexes
 + Level 11.1 Charms
 + Level 9.8 Summonings
 + Level 9.8 Necromancy
 + Level 9.8 Translocations
 + Level 9.8 Transmutations
 + Level 9.8 Fire Magic
 + Level 9.8 Ice Magic
 + Level 9.8 Air Magic
 + Level 9.8 Earth Magic
 + Level 9.8 Poison Magic
 + Level 12.4 Invocations
 + Level 11.4 Evocations


You had one spell level left.
You knew the following spells:

 Your Spells              Type           Power        Failure   Level  Hunger
a - Infusion              Chrm           ####         1%          1    None
b - Song of Slaying       Chrm           #######.     1%          2    None
c - Shroud of Golubria    Chrm/Tloc      #######...   1%          2    None
d - Mephitic Cloud        Conj/Pois/Air  #######.     1%          3    None
e - Tukima's Dance        Hex            #######.     1%          3    None
f - Cause Fear            Hex            #######...   1%          4    None
g - Portal Projectile     Hex/Tloc       ######       1%          3    None
h - Dispel Undead         Necr           #######.     1%          5    None
i - Shadow Creatures      Summ           N/A          2%          6    ###....
j - Aura of Abjuration    Summ           #######...   1%          5    None
k - Fireball              Conj/Fire      #######...   1%          5    None

Your spell library contained the following spells:

 Spells                   Type           Power        Failure   Level  Hunger
 Animate Skeleton         Necr           N/A          1%          1    None
 Apportation              Tloc           ######       1%          1    None
 Beastly Appendage        Tmut           ######       1%          1    None
 Confusing Touch          Hex            ######       1%          1    None
 Corona                   Hex            #######      1%          1    None
 Sandblast                Erth           ######       1%          1    None
 Summon Small Mammal      Summ           ####         1%          1    None
 Corpse Rot               Necr           N/A          1%          2    None
 Ensorcelled Hibernation  Hex/Ice        ######       1%          2    None
 Passwall                 Tmut/Erth      #######.     1%          2    None
 Poisonous Vapours        Pois/Air       ######       1%          2    None
 Slow                     Hex            #######.     1%          2    None
 Sticks to Snakes         Tmut           #######.     1%          2    None
 Sublimation of Blood     Necr           #######...   1%          2    None
 Confuse                  Hex            #######.     1%          3    None
 Conjure Flame            Conj/Fire      #######.     1%          3    None
 Dazzling Spray           Conj/Hex       ######       1%          3    None
 Inner Flame              Hex/Fire       #######.     1%          3    None
 Recall                   Summ/Tloc      N/A          1%          3    None
 Regeneration             Chrm/Necr      #######...   1%          3    None
 Spectral Weapon          Hex/Chrm       #######.     1%          3    None
 Spider Form              Tmut/Pois      #######...   1%          3    None
 Stone Arrow              Conj/Erth      ######       1%          3    None
 Summon Guardian Golem    Hex/Summ       #######.     1%          3    None
 Ice Form                 Ice/Tmut       #######.     1%          4    None
 Leda's Liquefaction      Hex/Erth       #######...   1%          4    None
 Petrify                  Tmut/Erth      #######.     1%          4    None
 Agony                    Necr           #######.     1%          5    None
 Blade Hands              Tmut           #######...   1%          5    None
 Bolt of Draining         Conj/Necr      #######...   1%          5    None
 Bolt of Magma            Conj/Fire/Erth #######...   1%          5    None
 Excruciating Wounds      Chrm/Necr      #######...   1%          5    None
 Irradiate                Conj/Tmut      #######...   1%          5    None
 Lee's Rapid Deconstruct  Erth           #######...   1%          5    None
 Summon Demon             Summ           #######...   1%          5    None
 Summon Forest            Summ/Tloc      #######...   1%          5    None
 Summon Mana Viper        Hex/Summ       #######.     1%          5    None
 Yara's Violent Unravell  Hex/Tmut       #######...   1%          5    None
 Freezing Cloud           Conj/Ice/Air   #######...   2%          6    ###....
 Iron Shot                Conj/Erth      #######...   2%          6    ###....
 Statue Form              Tmut/Erth      #######..    2%          6    ###....
 Ring of Flames           Chrm/Fire      #######...   12%         7    #####..
 Spellforged Servitor     Conj/Summ      #######...   16%         7    #####..
 Shatter                  Erth           #######...   100%        9    #######


Dungeon Overview and Level Annotations

Branches:
Dungeon (15/15)            Temple (1/1) D:4            Lair (6/6) D:9
 Shoals (0/4) Lair:2       Spider (3/4) Lair:3        Slime (0/5) Lair:6
    Orc (2/2) D:11            Elf (0/3) Orc:2        Vaults (0/5) D:13
 Depths (0/5) D:15

Altars:
Ashenzari
Cheibriados
Dithmenos
Elyvilon
Fedhas
Gozag
Hepliaklqana
Kikubaaqudgha
Makhleb
Nemelex Xobeh
Okawaru
Qazlal
Ru
Sif Muna
Trog
Uskayaw
Vehumet
Wu Jian
Xom
Yredelemnul
Zin
The Shining One
Beogh
Jiyva

Shops:
D:6 =   D:11 **}((=   Orc:2 %[[%

Annotations:
D:4 3 runed translucent doors, doot's ghost, amateur TeMo


Innate Abilities, Weirdness & Mutations

Your experience applies equally to all skills.
You have very sharp teeth.
Your uncanny sense of smell can sniff out nearby items.
You are partially covered in thin metallic scales. (AC +2)
Your mind is acute. (Int +2)
Your natural rate of healing is unusually fast.


Message History

Asterion hits you with a +1 demon blade of freezing!
Asterion freezes you. Asterion misses you.
Unknown command.
Evoke which item? (* to show all) (? for menu, Esc to quit)
Aiming: Corrosive Bolt
Press: ? - help, Shift-Dir - straight line, f/p - Asterion
Aim: Asterion, wielding a +1 demon blade of freezing, wearing a +1 scale mail of cold resistance and wearing a +0 shield (severely wounded, fast)
The bolt of acid hits Asterion!
Asterion is splashed with acid.
The acid corrodes Asterion!
Asterion is almost dead.
You are covered in liquid flames!
The Executioner evades a web.
Asterion conjures a destructive force in the name of Makhleb!
The fireball explodes!
The fireball engulfs you!!!
* * * LOW HITPOINT WARNING * * *
The fireball engulfs Asterion!!!
Asterion dies!
The Executioner disappears in a puff of smoke!
You are covered in liquid flames!
You die...

#..........##
##..#.#^##.##
##...########
##.....##
#.^.....##
#........##
#^........##
##.#.......#
###.@†...##
##.^.....##
#...)^####
#.....##
......#
...... .....#
....# #.##


There were no monsters in sight!

Vanquished Creatures
  Rupert (D:12)
  A sphinx (D:15)
  2 shadow dragons (D:15)
  2 tengu reavers (D:15)
  A fire giant (D:15)
  A frost giant (D:15)
  2 emperor scorpions (Spider:1)
  An ironheart preserver (D:13)
  A stone giant (Volcano)
  An entropy weaver (Spider:1)
  Nessos (Orc:2)
  A spark wasp (Spider:3)
  Snorg (D:10)
  An ettin (D:15)
  The ghost of zkyp the Carver, a journeyman DrAr of Uskayaw (D:11)
  A yaktaur captain (D:15)
  Josephine (D:12)
  Erolcha (D:12)
  A fire dragon (D:15)
  Fannar (Lair:2)
  2 catoblepae
  Harold (Lair:2)
  6 hydras
  A death knight (D:15)
  10 centaur warriors
  A deep troll earth mage (D:15)
  5 two-headed ogres
  Urug (Lair:1)
  A death yak (Lair:6)
  A tengu warrior (D:12)
  5 orc high priests (Orc:2)
  Sonja (Lair:2)
  3 unseen horrors
  3 skeletal warriors (D:14)
  A flayed ghost (D:15)
  A deep troll (D:15)
  A wizard (D:14)
  An orb spider (shapeshifter) (D:15)
  A harpy (shapeshifter) (D:15)
  4 harpies (D:15)
  17 wolf spiders
  9 orc knights
  4 orc sorcerers
  4 deep elf magi
  6 orb spiders
  7 ugly things
  5 cyclopes
  2 merfolk sirens (Lair:2)
  A moth of wrath (Spider:2)
  3 oklob plants (Lair:2)
  5 manticores
  2 centaur zombies (D:15)
  11 black mambas
  8 elephants
  A torpor snail (Spider:1)
  A guardian serpent (Lair:6)
  Joseph (D:6)
  A torpor snail (shapeshifter) (D:12)
  A molten gargoyle (Volcano)
  A spiny frog (shapeshifter) (D:15)
  5 gargoyles
  15 spiny frogs
  10 demonic crawlers
  A kobold demonologist (D:11)
  A rime drake (Lair:6)
  4 komodo dragons
  2 efreet
  13 jumping spiders
  9 polar bears (Lair:6)
  A tengu conjurer (D:14)
  A wolf spider simulacrum (D:15)
  2 merfolk (Lair:2)
  9 trolls
  4 hornets
  2 raiju (Lair:6)
  5 blink frogs (Lair:4)
  12 hippogriffs
  5 dream sheep
  2 slime creatures (D:15)
  2 centaur simulacra
  5 large abominations (D:14)
  A yak (shapeshifter) (D:15)
  3 shadows
  A vampire (D:15)
  24 redbacks
  11 wyverns
  2 fire bats (Volcano)
  4 wraiths (D:12)
  12 tarantellas
  4 hogs (D:8)
  A basilisk (D:14)
  39 yaks
  A fire elemental (Volcano)
  Grum (Lair:1)
  6 hungry ghosts
  3 vampire mosquitoes (D:14)
  A human (D:8)
  A steam dragon (Lair:4)
  9 wargs
  A soldier ant (D:12)
  21 water moccasins
  A floating eye (shapeshifter) (D:15)
  15 hell hounds (Lair:6)
  A meliai simulacrum (D:15)
  11 porcupines
  39 orc warriors
  2 eyes of draining
  2 phantoms
  2 boggarts (D:15)
  4 ice beasts
  12 black bears
  2 sky beasts (D:12)
  10 ogres
  2 necrophages
  15 wolves
  12 centaurs
  12 crocodiles
  5 big kobolds
  17 bullfrogs
  7 small abominations (D:14)
  2 gnoll sergeants
  2 wyvern zombies
  2 earth elementals (Volcano)
  A scorpion (D:4)
  2 wyvern skeletons
  6 wights
  8 killer bees
  6 howler monkeys
  7 electric eels
  7 crimson imps
  3 bullfrog zombies
  6 lava snakes
  9 centaur skeletons
  4 jellies
  33 orc priests
  4 bullfrog skeletons
  5 hounds
  20 orc wizards
  Crazy Yiuf (Temple)
  Ijyb (D:4)
  9 hell rats (Lair:3)
  2 iguanas
  12 worker ants
  A worker ant zombie (D:11)
  20 gnolls
  10 adders
  12 river rats (Lair:3)
  4 shadow imps
  3 oozes
  2 adder zombies (D:10)
  3 worms
  2 dart slugs (D:2)
  3 leopard geckos
  122 orcs
  6 giant cockroaches
  20 goblins
  15 hobgoblins
  11 jackals
  31 kobolds
  7 quokkas
  8 bats
  6 frilled lizards
  2 jackal skeletons
  3 leopard gecko skeletons
  2 quokka skeletons
  A quokka zombie (D:5)
  21 rats
  A plant (Lair:3)
1058 creatures vanquished.

Vanquished Creatures (collateral kills)
  A centaur warrior (D:15)
  An orb spider (Spider:1)
  An orc knight (Orc:2)
  An efreet (D:15)
  A wyvern (D:13)
  A tarantella (Spider:1)
  A hog (shapeshifter) (D:15)
  An orc warrior (D:15)
  A wight (D:13)
  An orc priest (Orc:2)
  An orc (Orc:2)
11 creatures vanquished.

Vanquished Creatures (others)
  Asterion (Spider:3)
  A wolf spider (Spider:2)
  A bullfrog skeleton (D:12)
  2 bushes (D:9)
  8 fungi
  27 plants
40 creatures vanquished.

Grand Total: 1109 creatures vanquished

Notes
Turn   | Place    | Note
-------+----------+-------------------------------------------
     0 | D:1      | vishdafish the Gnoll Skald began the quest for the Orb.
     0 | D:1      | Reached XP level 1. HP: 20/20 MP: 6/6
    59 | D:1      | Reached XP level 2. HP: 17/26 MP: 7/7
   628 | D:1      | Reached XP level 3. HP: 31/31 MP: 9/9
   664 | D:1      | Reached skill level 5 in Spellcasting
   992 | D:1      | Learned a level 2 spell: Song of Slaying
   995 | D:1      | Learned a level 2 spell: Shroud of Golubria
  1546 | D:2      | Reached skill level 1 in Invocations
  1867 | D:2      | Reached skill level 1 in Short Blades
  1867 | D:2      | Reached skill level 1 in Axes
  1867 | D:2      | Reached skill level 1 in Maces & Flails
  1867 | D:2      | Reached skill level 1 in Polearms
  1867 | D:2      | Reached skill level 1 in Staves
  1867 | D:2      | Reached skill level 1 in Slings
  1867 | D:2      | Reached skill level 1 in Bows
  1867 | D:2      | Reached skill level 1 in Crossbows
  1867 | D:2      | Reached skill level 1 in Throwing
  1867 | D:2      | Reached skill level 1 in Stealth
  1867 | D:2      | Reached skill level 1 in Shields
  1867 | D:2      | Reached skill level 1 in Unarmed Combat
  1867 | D:2      | Reached skill level 1 in Evocations
  1873 | D:2      | You fall through a shaft!
  1899 | D:3      | Reached XP level 4. HP: 38/38 MP: 0/11
  2172 | D:3      | Reached skill level 1 in Conjurations
  2172 | D:3      | Reached skill level 1 in Hexes
  2172 | D:3      | Reached skill level 1 in Summonings
  2172 | D:3      | Reached skill level 1 in Necromancy
  2172 | D:3      | Reached skill level 1 in Translocations
  2172 | D:3      | Reached skill level 1 in Transmutations
  2172 | D:3      | Reached skill level 1 in Fire Magic
  2172 | D:3      | Reached skill level 1 in Ice Magic
  2172 | D:3      | Reached skill level 1 in Air Magic
  2172 | D:3      | Reached skill level 1 in Earth Magic
  2172 | D:3      | Reached skill level 1 in Poison Magic
  2266 | D:3      | Reached XP level 5. HP: 6/43 MP: 6/12
  3209 | D:4      | Reached XP level 6. HP: 25/50 MP: 8/13
  3620 | D:4      | Reached skill level 5 in Fighting
  3620 | D:4      | Reached skill level 5 in Long Blades
  3620 | D:4      | Reached skill level 5 in Dodging
  3732 | D:4      | Noticed a two-headed ogre
  3733 | D:4      | Noticed doot's ghost (amateur TeMo)
  3751 | D:4      | Found a runed translucent door.
  3752 | D:4      | Noticed Crazy Yiuf
  3766 | D:4      | Found a runed translucent gate.
  3766 | D:4      | Found a runed translucent gate.
  3768 | D:4      | Found a runed translucent gate.
  3787 | D:4      | Noticed Ijyb
  3808 | D:4      | Killed Ijyb
  4238 | D:4      | Got an encrusted mace
  4239 | D:4      | Identified the +5 mace of Conversion {drain, +Blink rPois
                  | Str+3 Dex+4} (You found it on level 4 of the Dungeon)
  4285 | D:4      | Found a staircase to the Ecumenical Temple.
  4295 | Temple   | Entered the Ecumenical Temple
  4581 | Temple   | Killed Crazy Yiuf
  4613 | D:4      | Reached XP level 7. HP: 36/56 MP: 9/15
  4752 | D:4      | Found a burning altar of Makhleb.
  4888 | D:5      | Entered Level 5 of the Dungeon
  5923 | D:6      | Found Kimekus's Jewellery Emporium.
  5958 | D:6      | Found a hide-covered altar of Uskayaw.
  6111 | D:6      | Found a glowing golden altar of the Shining One.
  6354 | D:6      | Reached XP level 8. HP: 59/63 MP: 16/16
  6519 | D:7      | Noticed Joseph
  6538 | D:6      | Killed Joseph
  6943 | D:7      | Found an iron altar of Okawaru.
  7064 | D:7      | Reached XP level 9. HP: 64/69 MP: 12/18
  7134 | D:7      | Found a sacrificial altar of Ru.
  7769 | D:8      | Reached skill level 5 in Armour
  7790 | D:8      | Reached skill level 5 in Invocations
  8111 | D:8      | Reached XP level 10. HP: 77/77 MP: 20/20
  8219 | D:8      | Found a snail-covered altar of Cheibriados.
  8237 | D:8      | Became a worshipper of Cheibriados the Contemplative
  8440 | D:8      | Found a shimmering altar of Xom.
  9128 | D:9      | Reached * piety under Cheibriados
  9129 | D:9      | Reached skill level 5 in Short Blades
  9129 | D:9      | Reached skill level 5 in Axes
  9129 | D:9      | Reached skill level 5 in Maces & Flails
  9129 | D:9      | Reached skill level 5 in Polearms
  9129 | D:9      | Reached skill level 5 in Staves
  9129 | D:9      | Reached skill level 5 in Slings
  9129 | D:9      | Reached skill level 5 in Bows
  9129 | D:9      | Reached skill level 5 in Crossbows
  9129 | D:9      | Reached skill level 5 in Throwing
  9129 | D:9      | Reached skill level 5 in Stealth
  9129 | D:9      | Reached skill level 5 in Shields
  9129 | D:9      | Reached skill level 5 in Unarmed Combat
  9129 | D:9      | Reached skill level 5 in Evocations
  9287 | D:9      | Reached ** piety under Cheibriados
  9302 | D:9      | Found a staircase to the Lair.
  9378 | D:9      | Found a flagged portal.
  9386 | D:9      | Noticed a two-headed ogre
  9393 | D:9      | Killed a two-headed ogre
  9400 | Bailey   | Entered a bailey
  9602 | Bailey   | Noticed an orc sorcerer
  9602 | Bailey   | Paralysed by an orc sorcerer for 5 turns
  9606 | Bailey   | Noticed an orc sorcerer
  9609 | Bailey   | Killed an orc sorcerer
  9609 | Bailey   | Reached XP level 11. HP: 80/84 MP: 19/22
  9610 | Bailey   | Noticed a sixfirhy
  9612 | Bailey   | Found an iron altar of Okawaru.
  9653 | Bailey   | Killed an orc sorcerer
  9675 | Bailey   | Reached *** piety under Cheibriados
  9692 | Bailey   | Noticed an orc knight
  9721 | Bailey   | Killed an orc knight
  9998 | Bailey   | Reached skill level 5 in Conjurations
  9998 | Bailey   | Reached skill level 5 in Hexes
  9998 | Bailey   | Reached skill level 5 in Summonings
  9998 | Bailey   | Reached skill level 5 in Necromancy
  9998 | Bailey   | Reached skill level 5 in Translocations
  9998 | Bailey   | Reached skill level 5 in Transmutations
  9998 | Bailey   | Reached skill level 5 in Fire Magic
  9998 | Bailey   | Reached skill level 5 in Ice Magic
  9998 | Bailey   | Reached skill level 5 in Air Magic
  9998 | Bailey   | Reached skill level 5 in Earth Magic
  9998 | Bailey   | Reached skill level 5 in Poison Magic
 10202 | Bailey   | Noticed an orc knight
 10211 | Bailey   | Killed an orc knight
 10756 | D:10     | Entered Level 10 of the Dungeon
 10803 | D:10     | Reached **** piety under Cheibriados
 10824 | D:10     | Learned a level 3 spell: Mephitic Cloud
 11016 | D:10     | Noticed Snorg
 11027 | D:10     | Killed Snorg
 11624 | D:11     | Got a warped golden amulet
 11625 | D:11     | Identified the amulet "Ganal" {Acrobat rPois MR+} (You
                  | acquired it on level 11 of the Dungeon)
 11629 | D:11     | Got a glittering copper amulet
 11631 | D:11     | Identified the amulet "Kyckerri" {Acrobat -Tele rPois
                  | Dex+3} (You acquired it on level 11 of the Dungeon)
 11760 | D:11     | Reached ***** piety under Cheibriados
 11760 | D:11     | Reached XP level 12. HP: 70/93 MP: 16/24
 11818 | D:11     | Found a runed translucent door.
 11818 | D:11     | Noticed zkyp's ghost (journeyman DrAr)
 11915 | D:11     | Killed zkyp's ghost
 11968 | D:11     | Found Demnelu's Desiderata Depot.
 11986 | D:11     | Found a staircase to the Orcish Mines.
 12003 | D:11     | Found a roughly hewn altar of Beogh.
 12028 | D:11     | Found Vathraom's Jewellery Emporium.
 12093 | D:11     | Identified the cursed +3 dagger of the Extremely Mad {pain,
                  | rF+ Dex+5}
 12150 | D:11     | Found Bocaiwig's Antique Weapon Shoppe.
 12153 | D:11     | Found Nias's Weapon Boutique.
 12216 | D:11     | Found Ime Lyav's Assorted Antiques.
 12224 | D:11     | Bought a wavering pewter ring for 115 gold pieces
 12225 | D:11     | Identified the ring of Hotus {rPois MR+} (You bought it in
                  | a shop on level 11 of the Dungeon)
 12371 | D:11     | Found Huwnovvi's Gadget Emporium.
 12481 | Lair:1   | Entered Level 1 of the Lair of Beasts
 12528 | Lair:1   | Noticed Grum
 12550 | Lair:1   | Killed Grum
 12578 | Lair:1   | You fall through a shaft!
 12636 | Lair:2   | Noticed Fannar
 12647 | Lair:2   | Killed Fannar
 12749 | Lair:2   | Noticed Sonja
 12762 | Lair:2   | Killed Sonja
 13226 | Lair:1   | Noticed Urug
 13247 | Lair:1   | Killed Urug
 13797 | Lair:2   | Noticed Harold
 13813 | Lair:2   | Killed Harold
 13978 | Lair:2   | Found a staircase to the Shoals.
 14011 | Lair:2   | Reached XP level 13. HP: 58/101 MP: 15/26
 14502 | Lair:2   | Reached ****** piety under Cheibriados
 14738 | Lair:3   | Gained mutation: You have a pair of small antennae on your
                  | head. [potion of mutation]
 14738 | Lair:3   | Gained mutation: Your skin changes colour to match your
                  | surroundings (Stealth+). [potion of mutation]
 14739 | Lair:3   | Lost mutation: You have a pair of small antennae on your
                  | head. [potion of mutation]
 14739 | Lair:3   | Lost mutation: Your skin changes colour to match your
                  | surroundings (Stealth+). [potion of mutation]
 14739 | Lair:3   | Gained mutation: You are frail. (-10% HP) [potion of
                  | mutation]
 14739 | Lair:3   | Gained mutation: Scrolls take you a little longer to read.
                  | [potion of mutation]
 14739 | Lair:3   | Gained mutation: You are partially covered in thin metallic
                  | scales. (AC +2) [potion of mutation]
 14739 | Lair:3   | Gained mutation: You have large cloven feet. [potion of
                  | mutation]
 14872 | Lair:3   | Found a hole to the Spider Nest.
 15063 | Lair:3   | Learned a level 3 spell: Tukima's Dance
 15068 | Lair:3   | Learned a level 4 spell: Cause Fear
 15856 | Lair:4   | Learned a level 3 spell: Portal Projectile
 16897 | Lair:6   | Entered Level 6 of the Lair of Beasts
 17121 | Lair:6   | Reached skill level 10 in Spellcasting
 17123 | Lair:6   | Reached XP level 14. HP: 29/98 MP: 3/28
 17198 | Lair:6   | Reached skill level 10 in Fighting
 17198 | Lair:6   | Reached skill level 10 in Long Blades
 17198 | Lair:6   | Reached skill level 10 in Dodging
 17337 | Lair:6   | Identified the +10 flail "Duameid" {flame, +Fly} (You found
                  | it on level 6 of the Lair of Beasts)
 17532 | Lair:6   | Reached skill level 10 in Invocations
 17626 | Lair:6   | Got a coiled ivory amulet
 17628 | Lair:6   | Identified the amulet of the Marlin {Spirit rPois Str+2
                  | Int-3} (You found it on level 6 of the Lair of Beasts)
 17799 | Lair:6   | Learned a level 5 spell: Dispel Undead
 17968 | Lair:6   | Found a viscous altar of Jiyva.
 17968 | Lair:6   | Found a staircase to the Slime Pits.
 18480 | Orc:1    | Entered Level 1 of the Orcish Mines
 18618 | Orc:1    | Found a bloodstained altar of Trog.
 18961 | Orc:2    | Entered Level 2 of the Orcish Mines
 19028 | Orc:2    | Found a staircase to the Elven Halls.
 19112 | Orc:2    | Found a dark tunnel.
 19119 | Volcano  | Entered a volcano
 19426 | Volcano  | Found a burning altar of Makhleb.
 19432 | Volcano  | Noticed a stone giant
 19439 | Volcano  | Killed a stone giant
 19568 | Volcano  | Got an encrusted scythe
 19569 | Volcano  | Identified the +1 scythe of the Spheres {slice, rC+ Str-5
                  | Int+4 Dex+6} (You found it in a volcano)
 19607 | Volcano  | Reached XP level 15. HP: 105/105 MP: 29/29
 19991 | Orc:2    | Noticed Nessos
 20001 | Orc:2    | Killed Nessos
 20083 | Orc:2    | Reached skill level 10 in Armour
 20707 | Orc:2    | Found Cuik Dyg's Food Emporium.
 20708 | Orc:2    | Found Yphothag's Food Emporium.
 20708 | Orc:2    | Found Uryb Hen's Armour Shoppe.
 20709 | Orc:2    | Found Muyddum's Armour Emporium.
 20870 | D:12     | Noticed Josephine
 20890 | D:12     | Killed Josephine
 20975 | D:12     | Noticed Rupert
 20997 | D:12     | Killed Rupert
 20997 | D:12     | Reached skill level 10 in Charms
 21141 | D:12     | Lost mutation: Scrolls take you a little longer to read.
                  | [potion of mutation]
 21141 | D:12     | Lost mutation: You are frail. (-10% HP) [potion of
                  | mutation]
 21141 | D:12     | Lost mutation: You have large cloven feet. [potion of
                  | mutation]
 21141 | D:12     | Gained mutation: Your mind is acute. (Int +2) [potion of
                  | mutation]
 21141 | D:12     | Gained mutation: Your natural rate of healing is unusually
                  | fast. [potion of mutation]
 21187 | D:12     | Noticed Erolcha
 21199 | D:12     | Killed Erolcha
 21279 | D:12     | Reached skill level 10 in Short Blades
 21279 | D:12     | Reached skill level 10 in Axes
 21279 | D:12     | Reached skill level 10 in Maces & Flails
 21279 | D:12     | Reached skill level 10 in Polearms
 21279 | D:12     | Reached skill level 10 in Staves
 21279 | D:12     | Reached skill level 10 in Slings
 21279 | D:12     | Reached skill level 10 in Bows
 21279 | D:12     | Reached skill level 10 in Crossbows
 21279 | D:12     | Reached skill level 10 in Throwing
 21279 | D:12     | Reached skill level 10 in Stealth
 21279 | D:12     | Reached skill level 10 in Shields
 21279 | D:12     | Reached skill level 10 in Unarmed Combat
 21279 | D:12     | Reached skill level 10 in Evocations
 21715 | D:12     | Learned a level 6 spell: Shadow Creatures
 21721 | D:12     | Learned a level 5 spell: Aura of Abjuration
 21848 | D:12     | Got an encrusted broad axe
 21849 | D:12     | Identified the +2 broad axe "Banisher" {freeze, +Inv rF+
                  | MR+} (You found it on level 12 of the Dungeon)
 22366 | D:13     | Found an opulent altar of Gozag.
 22700 | D:13     | Found a gate to the Vaults.
 23258 | D:14     | Reached XP level 16. HP: 125/125 MP: 31/31
 23545 | D:14     | Identified the Collected Works on Supportive Enchantment
 23990 | D:15     | Entered Level 15 of the Dungeon
 24118 | D:15     | Found a burning altar of Makhleb.
 24119 | D:15     | Found a bloodstained altar of Trog.
 24119 | D:15     | Found a sacrificial altar of Ru.
 24585 | D:15     | Noticed a shadow dragon
 24596 | D:15     | Killed a shadow dragon
 24663 | D:15     | Noticed a shadow dragon
 24682 | D:15     | Killed a shadow dragon
 24719 | D:15     | Identified Spellcasting, Part Five
 24932 | D:15     | Noticed a tengu reaver
 24961 | D:15     | Killed a tengu reaver
 25120 | D:15     | Noticed a sphinx
 25131 | D:15     | Killed a sphinx
 25198 | D:15     | Noticed a tengu reaver
 25218 | D:15     | Killed a tengu reaver
 25298 | D:15     | Reached XP level 17. HP: 133/133 MP: 30/33
 25377 | D:15     | Found a staircase to the Depths.
 25747 | Spider:1 | Entered Level 1 of the Spider Nest
 26094 | Spider:1 | Upgraded the game from 0.23.0-2-g0fe3ce5 to
                  | 0.23.0-3-gf3c87f2
 26138 | Spider:1 | Learned a level 5 spell: Fireball
 27431 | Spider:3 | Noticed Asterion
 27459 | Spider:3 | Noticed an Executioner
 27459 | Spider:3 | Killed Asterion
 27460 | Spider:3 | Incinerated by Asterion

Skill      XL: |  1  2  3  4  5  6  7  8  9 10 11 12 13 14 15 16 17 |
---------------+----------------------------------------------------+-----
Spellcasting   | 5 6 7 8 9 10 11 12 | 12.3
Invocations    | 1 2 3 4 5 6 7 8 9 10 11 12 | 12.4
Short Blades   | 1 2 3 4 5 6 7 8 9 10 11 | 11.4
Axes           | 1 2 3 4 5 6 7 8 9 10 11 | 11.4
Maces & Flails | 1 2 3 4 5 6 7 8 9 10 11 | 11.4
Polearms       | 1 2 3 4 5 6 7 8 9 10 11 | 11.4
Staves         | 1 2 3 4 5 6 7 8 9 10 11 | 11.4
Slings         | 1 2 3 4 5 6 7 8 9 10 11 | 11.4
Bows           | 1 2 3 4 5 6 7 8 9 10 11 | 11.4
Crossbows      | 1 2 3 4 5 6 7 8 9 10 11 | 11.4
Throwing       | 1 2 3 4 5 6 7 8 9 10 11 | 11.4
Stealth        | 1 2 3 4 5 6 7 8 9 10 11 | 11.4
Shields        | 1 2 3 4 5 6 7 8 9 10 11 | 11.4
Unarmed Combat | 1 2 3 4 5 6 7 8 9 10 11 | 11.4
Evocations     | 1 2 3 4 5 6 7 8 9 10 11 | 11.4
Conjurations   | 1 2 3 4 5 6 7 8 9 |  9.8
Hexes          | 1 2 3 4 5 6 7 8 9 |  9.8
Summonings     | 1 2 3 4 5 6 7 8 9 |  9.8
Necromancy     | 1 2 3 4 5 6 7 8 9 |  9.8
Translocations | 1 2 3 4 5 6 7 8 9 |  9.8
Transmutations | 1 2 3 4 5 6 7 8 9 |  9.8
Fire Magic     | 1 2 3 4 5 6 7 8 9 |  9.8
Ice Magic      | 1 2 3 4 5 6 7 8 9 |  9.8
Air Magic      | 1 2 3 4 5 6 7 8 9 |  9.8
Earth Magic    | 1 2 3 4 5 6 7 8 9 |  9.8
Poison Magic   | 1 2 3 4 5 6 7 8 9 |  9.8
Armour         | 3 4 5 6 7 8 9 10 11 | 11.7
Fighting       | 5 6 7 8 9 10 11 12 | 12.2
Long Blades    | 5 6 7 8 9 10 11 12 | 12.2
Dodging        | 5 6 7 8 9 10 11 12 | 12.2
Charms         | 6 7 8 9 10 11 | 11.1

Action                   |  1- 3 |  4- 6 |  7- 9 | 10-12 | 13-15 | 16-18 || total
-------------------------+-------+-------+-------+-------+-------+-------++-------
Melee: Falchion          |   137 |   236 |       |       |       |       ||   373
       Bite              |    19 |    27 |    37 |   127 |   296 |   224 ||   730
       Mace              |       |    24 |   248 |    82 |    14 |       ||   368
       Punch             |       |     2 |     3 |       |       |       ||     5
       Long sword        |       |       |       |   472 |  1057 |   663 ||  2192
       Kick              |       |       |       |       |   154 |       ||   154
       Flail             |       |       |       |       |    50 |       ||    50
       Unarmed           |       |       |       |       |     9 |       ||     9
       Staff             |       |       |       |       |       |     3 ||     3
 Fire: Hunting sling     |       |       |       |    56 |       |       ||    56
Throw: Tomahawk          |     2 |       |     2 |     6 |     4 |       ||    14
       Javelin           |       |       |       |       |    10 |     9 ||    19
       Throwing net      |       |       |       |       |     1 |     7 ||     8
 Cast: Infusion          |     2 |     6 |       |     3 |       |       ||    11
       Shroud of Golubri |     1 |     7 |     8 |     5 |     3 |       ||    24
       Song of Slaying   |     1 |     5 |     8 |    11 |    26 |    16 ||    67
       Mephitic Cloud    |       |       |       |     1 |     1 |       ||     2
       Cause Fear        |       |       |       |       |     2 |       ||     2
       Shadow Creatures  |       |       |       |       |     1 |    17 ||    18
       Tukima's Dance    |       |       |       |       |     1 |     6 ||     7
       Dispel Undead     |       |       |       |       |       |     5 ||     5
       Aura of Abjuratio |       |       |       |       |       |     1 ||     1
       Fireball          |       |       |       |       |       |    30 ||    30
Invok: Bend Time         |       |       |       |     1 |       |       ||     1
       Slouch            |       |       |       |       |     5 |     2 ||     7
Evoke: Wand              |       |       |       |    26 |    24 |    39 ||    89
       Sack of spiders   |       |       |       |       |     2 |       ||     2
       Box of beasts     |       |       |       |       |     1 |       ||     1
  Use: Scroll            |       |     1 |     8 |    18 |     9 |     2 ||    38
       Potion            |       |     2 |       |     1 |     5 |     2 ||    10
 Stab: Sleeping          |     3 |       |     3 |    14 |    21 |    18 ||    59
       Paralysed         |       |       |       |     7 |       |       ||     7
       Petrified         |       |       |       |       |     5 |       ||     5
       Distracted        |       |       |       |       |    10 |     4 ||    14
       Invisible         |       |       |       |       |     4 |       ||     4
       Petrifying        |       |       |       |       |     1 |       ||     1
       Held in net/web   |       |       |       |       |       |     4 ||     4
  Eat: Ration            |     1 |     1 |     2 |     2 |       |     1 ||     7
       Chunk             |       |     6 |     5 |     7 |    19 |     9 ||    46
Armor: Leather armour    |    18 |    21 |       |       |       |       ||    39
       Ring mail         |       |    23 |    86 |    59 |       |       ||   168
       Troll leather arm |       |       |       |    72 |   170 |   196 ||   438
Dodge: Dodged            |   132 |   213 |   260 |   377 |   815 |   860 ||  2657
Block: Buckler           |       |       |    23 |    69 |       |       ||    92
       Shield            |       |       |       |   329 |  1083 |   773 ||  2185
       Rpst.: Falchion   |    43 |    64 |       |       |       |       ||   107
       Long sword        |       |       |       |    89 |   192 |   148 ||   429
